cohdb
Replays
Latest Replays
All Replays
Popular Replays
Top Player Replays
Match Explorer
How It Works
Community
CoH3 Stats
Reddit
Sign in to upload your games and track your stats! →
Sign in with Steam
Match 42855445
Unlisted
Match 42855445
Overview
Messages
Build Orders
End
Selects Italian Combined Arms Battlegroup
Selects Bersaglieri Squad
Bersaglieri Squad
Kradschützen Motorcycle Team
Bersaglieri Squad
Panzerpioneer Squad
Bersaglieri Squad
Construct Light Support Kompanie
Fire Support Elements
2.5-tonne Medical Truck
Selects Bersaglieri Bolster
Flakvierling Half-track
Selects Breda Model 30 Light Machine Guns
Construct Mechanized Kompanie
254 Reconnaissance Tractor
Pak 38 Mechanized Group
StuG III D Assault Gun
StuG III D Assault Gun
Kradschützen Motorcycle Team
Selects Semovente da 75/18 Assault Gun
Selects Strafing Run
Construct Panzerarmee Kommand
Construct Panzerarmee Kommand
Armored Reserves
Emergency Repair Kits
Strafing Run
Strafing Run
Team saupiquet
Wonder
0
0
Comments
sign in to comment!
No comments posted yet!